[Event "ICC Open 2015"]
[Site "Internet Chess Club"]
[Date "2015.05.30"]
[Round "7"]
[White "Werewolf"]
[Black "JArookie"]
[Result "1-0"]
[ICCResult "Black forfeits on time"]
[WhiteElo "2174"]
[BlackElo "1890"]
[Opening "Evans gambit"]
[ECO "C52"]
[NIC "IG.05"]
[Time "20:04:24"]
[TimeControl "180+0"]

1. e4 e5 2. Nf3 Nc6 3. Bc4 Bc5 4. b4 Bxb4 5. c3 Ba5 6. d4 exd4 7. O-O Nf6 8.
e5 Ne4 9. cxd4 d5 10. exd6 Nxd6 11. Bb3 O-O 12. Bg5 Qe8 13. Na3 Bg4 14. Nc2
Qe4 15. Kh1 Bxf3 16. gxf3 Qf5 17. Rg1 Rfe8 18. Ne3 Qh3 19. Rg3 Qh5 20. Nd5
Nf5 21. Rg4 Ncxd4 22. Qd3 c5 23. Bf6 g6 24. Bxd4 Nxd4 25. Nf6+ Kg7 26. Nxh5+
Kf8 27. Ng3 Rad8 28. Qc4 Ne6 29. Ne4 Rd4 30. Qb5 Bb6 31. Ng3 c4 32. Rxd4
Nxd4 33. Qxc4 Nxb3 34. axb3 Bxf2 35. Ne4 {Black forfeits on time} 1-0

[Event "ICC Open 2015"]
[Site "Internet Chess Club"]
[Date "2015.05.30"]
[Round "7"]
[White "KVR"]
[Black "alico"]
[Result "0-1"]
[ICCResult "White checkmated"]
[WhiteElo "1353"]
[BlackElo "1354"]
[Opening "QGD: 3...Nf6"]
[ECO "D35"]
[NIC "QO.16"]
[Time "20:04:34"]
[TimeControl "180+0"]

1. d4 d5 2. c4 e6 3. Nc3 Nf6 4. e3 c5 5. Bd3 Nc6 6. Nge2 Be7 7. O-O O-O 8.
cxd5 exd5 9. dxc5 Bxc5 10. a3 h6 11. b4 Bb6 12. Bc2 d4 13. Nxd4 Nxd4 14.
exd4 Bxd4 15. Bb2 Ng4 16. Qf3 Be5 17. g3 Qg5 18. Rfe1 Qh5 19. h4 Bd4 20. Re2
Bd7 21. Qe4 Nf6 22. Qxd4 Bc6 23. Qe3 Rae8 24. Qxa7 Rxe2 25. Nxe2 Qf3 26. Nf4
Qh1# {White checkmated} 0-1

[Event "ICC Open 2015"]
[Site "Internet Chess Club"]
[Date "2015.05.30"]
[Round "7"]
[White "karaivosa"]
[Black "geographywhiz"]
[Result "1-0"]
[ICCResult "Black resigns"]
[WhiteElo "2313"]
[BlackElo "1955"]
[Opening "Evans gambit"]
[ECO "C52"]
[NIC "IG.05"]
[Time "20:04:48"]
[TimeControl "180+0"]

1. e4 e5 2. Nf3 Nc6 3. Bc4 Bc5 4. b4 Bxb4 5. c3 Ba5 6. d4 exd4 7. O-O Nge7
8. Ng5 O-O 9. Qh5 h6 10. Nxf7 Rxf7 11. Bxf7+ Kh8 12. Bxh6 g6 13. Qh4 Nf5 14.
Qxd8+ Nxd8 15. exf5 Nxf7 16. Bf4 dxc3 17. fxg6 Nd6 18. Be5+ Kg8 19. Nxc3 Nc4
20. Bd4 c5 21. Bf6 d6 22. Nd5 Be6 23. Ne7+ Kf8 24. g7+ Ke8 25. g8=Q+ Bxg8
26. Nxg8 Kf7 27. Rac1 Nb6 28. Be7 Rxg8 29. Bxd6 c4 30. Bc5 Nd7 31. Be3 Ne5
32. Rfd1 b5 33. h3 Bc7 34. Rd5 Ke6 35. Rxb5 Nd3 36. Rxc4 Bg3 37. fxg3 Rxg3
38. Bf2 Kd7 39. Bxg3 {Black resigns} 1-0

[Event "ICC Open 2015"]
[Site "Internet Chess Club"]
[Date "2015.05.30"]
[Round "7"]
[White "MARXVONAZULAY"]
[Black "pranav-nsk"]
[Result "0-1"]
[ICCResult "White forfeits on time"]
[WhiteElo "1503"]
[BlackElo "1384"]
[Opening "Sicilian: Taimanov (Bastrikov) variation"]
[ECO "B47"]
[NIC "SI.40"]
[Time "20:04:20"]
[TimeControl "180+0"]

1. e4 c5 2. Nf3 Nc6 3. d4 cxd4 4. Nxd4 e6 5. Nc3 Qc7 6. g3 a6 7. Bg2 Nf6 8.
O-O Be7 9. Be3 O-O 10. Qd2 Ng4 11. Bg5 Bxg5 12. Qxg5 Nxd4 13. Qxg4 Nxc2 14.
Rac1 Nd4 15. Rfd1 Nc6 16. b4 b5 17. a4 bxa4 18. b5 axb5 19. Nxb5 Qb6 20. Nd6
a3 21. Ra1 a2 22. h4 Nd4 23. e5 Nc2 24. h5 Nxa1 25. h6 g6 26. Qg5 Qd8 27.
Qc1 Nb3 28. Qb2 a1=Q 29. Rxa1 Rxa1+ 30. Kh2 Qb6 31. Qc3 Rc1 32. Qf3 Qd8 33.
Qxb3 Qg5 34. Qb2 Qxh6+ 35. Bh3 Rh1+ 36. Kxh1 Qxh3+ 37. Kg1 Qg4 38. Qc3 Qd1+
39. Kg2 Ba6 40. Ne4 Qd5 {White forfeits on time} 0-1

[Event "ICC Open 2015"]
[Site "Internet Chess Club"]
[Date "2015.05.30"]
[Round "7"]
[White "sahilmd"]
[Black "VictorRed"]
[Result "1-0"]
[ICCResult "Black forfeits on time"]
[WhiteElo "2051"]
[BlackElo "1814"]
[Opening "QGD Slav: 4.e3"]
[ECO "D11"]
[NIC "SL.01"]
[Time "20:04:57"]
[TimeControl "180+0"]

1. d4 d5 2. c4 c6 3. Nf3 Nf6 4. e3 g6 5. Nbd2 Bg7 6. b3 O-O 7. Bd3 Re8 8.
O-O Nbd7 9. Bb2 Qc7 10. Qc2 Nh5 11. a4 e5 12. cxd5 exd4 13. Bxd4 Ne5 14.
dxc6 bxc6 15. Nxe5 Bxe5 16. Bxe5 Rxe5 17. Nf3 Re8 18. Rac1 Bb7 19. Rfd1 Rad8
20. Be4 Rxd1+ 21. Rxd1 Nf6 22. Bd3 c5 23. Nd4 Qe5 24. Ne2 Ng4 25. Ng3 Rd8
26. Be2 Rxd1+ 27. Qxd1 Nf6 28. a5 h5 29. a6 Bc6 30. Qd8+ Kg7 31. Qd2 Qd5 32.
Qxd5 Nxd5 33. Bc4 Nb4 34. Ne2 Bd5 35. Nc3 Bxc4 36. bxc4 Nxa6 37. Nb5 Kf6 38.
Nxa7 Ke5 39. Nc6+ Ke6 40. Nd8+ {Black forfeits on time} 1-0

[Event "ICC Open 2015"]
[Site "Internet Chess Club"]
[Date "2015.05.30"]
[Round "7"]
[White "SWAT-TEAM"]
[Black "DarkThrone"]
[Result "0-1"]
[ICCResult "White forfeits on time"]
[WhiteElo "1877"]
[BlackElo "2423"]
[Opening "Queen's pawn, Mason variation, Steinitz counter-gambit"]
[ECO "D00"]
[NIC "QP.08"]
[Time "20:05:27"]
[TimeControl "180+0"]

1. d4 d5 2. Bf4 c5 3. e3 Nf6 4. Nc3 a6 5. Nf3 e6 6. a3 Nc6 7. Ne5 Bd6 8. Bg3
O-O 9. f4 cxd4 10. exd4 Qb6 11. Nxc6 bxc6 12. Na4 Qa5+ 13. c3 Qc7 14. Qf3
Ne4 15. Bd3 f5 16. Rc1 c5 17. dxc5 Nxc5 18. Nxc5 Bxc5 19. Bf2 Rb8 20. b4 Bd6
21. Be3 Bb7 22. Qg3 Rf6 23. O-O Rg6 24. Qh3 d4 25. cxd4 Rxg2+ 26. Qxg2 Bxg2
27. Rxc7 Bxf1 28. Bxf1 Bxc7 29. Bxa6 Ra8 30. b5 Bb6 31. Kf2 Rd8 32. a4 Kf7
33. Kf3 h6 34. h4 Kg6 35. Bb7 Kh5 {White forfeits on time} 0-1

[Event "ICC Open 2015"]
[Site "Internet Chess Club"]
[Date "2015.05.30"]
[Round "7"]
[White "MichelRocard"]
[Black "anan"]
[Result "1-0"]
[ICCResult "Black forfeits on time"]
[WhiteElo "1951"]
[BlackElo "1580"]
[Opening "Sicilian: Najdorf variation"]
[ECO "B98"]
[NIC "SI.09"]
[Time "20:05:21"]
[TimeControl "180+0"]

1. e4 c5 2. Nf3 d6 3. d4 cxd4 4. Nxd4 Nf6 5. Nc3 a6 6. Bg5 e6 7. f4 Be7 8.
Qf3 Qc7 9. O-O-O O-O 10. Bd3 Nbd7 11. h4 Nc5 12. e5 Nxd3+ 13. cxd3 dxe5 14.
fxe5 Qxe5 15. Nb3 Bd7 16. d4 Qc7 17. Kb1 Bc6 18. Qf2 Ne4 19. Nxe4 Bxe4+ 20.
Ka1 Bd6 21. Nc5 Bxc5 22. dxc5 Bd5 23. h5 Rac8 24. h6 Qxc5 25. Qxc5 Rxc5 26.
Be7 Ra5 27. Bxf8 Kxf8 28. hxg7+ Kxg7 29. a3 b5 30. Rh4 f5 31. Rd3 Be4 32.
Rg3+ Kf6 33. Rh6+ Ke5 34. Rb3 Ra4 35. Rb4 Rxb4 36. axb4 Bxg2 37. Rxh7
{Black forfeits on time}
1-0

[Event "ICC Open 2015"]
[Site "Internet Chess Club"]
[Date "2015.05.30"]
[Round "7"]
[White "chessfidebullet"]
[Black "JOHEL"]
[Result "0-1"]
[ICCResult "White forfeits on time"]
[WhiteElo "1149"]
[BlackElo "1685"]
[Opening "Sicilian defense"]
[ECO "B30"]
[NIC "SI.31"]
[Time "20:05:00"]
[TimeControl "180+0"]

1. e4 c5 2. Nf3 Nc6 3. Nc3 e6 4. Bb5 a6 5. Bxc6 bxc6 6. O-O d5 7. e5 Ne7 8.
b4 Ng6 9. bxc5 Bxc5 10. d4 Bb4 11. Na4 O-O 12. c3 Be7 13. Qb3 Bd7 14. Ba3
Rb8 15. Bxe7 Qxe7 16. Qc2 f6 17. exf6 Qxf6 18. Rfe1 Nf4 19. Nc5 Be8 20. g3
Nh3+ 21. Kg2 Qxf3+ 22. Kxh3 Rf6 23. Rxe6 Bd7 24. Nxd7 Rh6+ 25. Rxh6 gxh6 26.
Ne5 Qf6 27. Ng4 Qe6 28. Qd2 h5 29. Qg5+ Kh8 30. Qxh5 Rg8 31. Qh4 Rg6 32. f3
Kg7 33. Kg2 Qe2+ 34. Nf2 Rf6 35. Qg5+ Kf7 36. Qh5+ Kg7 37. Qg4+ Kf7 38. Qh5+
Ke6 39. Qg4+ Kd6 40. Qg8 Qxf3+ 41. Kh3 Qf5+ 42. Qg4 Qxf2
{White forfeits on time}
0-1

[Event "ICC Open 2015"]
[Site "Internet Chess Club"]
[Date "2015.05.30"]
[Round "7"]
[White "blackending"]
[Black "fredx"]
[Result "1-0"]
[ICCResult "Black checkmated"]
[WhiteElo "1723"]
[BlackElo "1151"]
[Opening "Sicilian"]
[ECO "B54"]
[NIC "SI.01"]
[Time "20:04:58"]
[TimeControl "180+0"]

1. e4 c5 2. Nf3 d6 3. d4 cxd4 4. Nxd4 Nc6 5. Nc3 a6 6. a4 Nf6 7. Be3 g6 8.
Be2 Bg7 9. O-O O-O 10. Kh1 Nxd4 11. Bxd4 e5 12. Be3 Be6 13. f4 exf4 14. Bxf4
Qb6 15. Rb1 Rac8 16. Qxd6 Qa7 17. a5 Bc4 18. Bxc4 Rxc4 19. e5 Ne4 20. Nxe4
Rxe4 21. b4 Rc4 22. Qd3 Rfc8 23. Be3 Rxc2 24. Bxa7 Bxe5 25. Bc5 Rc3 26. Qd5
Bg7 27. Qxf7+ Kh8 28. Rbc1 Rb3 29. Rce1 h5 30. Re8+ Rxe8 31. Qxe8+ Kh7 32.
Qf7 Rb2 33. Bd4 Re2 34. Qxg7# {Black checkmated} 1-0

[Event "ICC Open 2015"]
[Site "Internet Chess Club"]
[Date "2015.05.30"]
[Round "7"]
[White "awesome5123"]
[Black "raja2015"]
[Result "0-1"]
[ICCResult "White forfeits on time"]
[WhiteElo "1546"]
[BlackElo "1470"]
[Opening "French: Rubinstein variation"]
[ECO "C10"]
[NIC "FR.07"]
[Time "20:04:24"]
[TimeControl "180+0"]

1. e4 e6 2. d4 d5 3. Nc3 dxe4 4. Nxe4 Nd7 5. Nf3 Ngf6 6. Nxf6+ Nxf6 7. Be3
Be7 8. c3 O-O 9. Qc2 b6 10. Bd3 Bb7 11. O-O-O Bxf3 12. gxf3 g6 13. Rdg1 Nh5
14. h4 Rc8 15. f4 c5 16. f5 cxd4 17. Bxd4 Bf6 18. fxg6 fxg6 19. Bxf6 Rxf6
20. Rg5 Kh8 21. Rhg1 Nf4 22. Bf1 Rc5 23. Kb1 Rcf5 24. Rxf5 Rxf5 25. Rh1 Qd5
26. Rg1 Re5 27. a3 Re1+ 28. Qc1 Rxc1+ 29. Kxc1 Qe4 30. Ba6 Ne2+ 31. Kd2 Nxg1
32. Bd3 Qd5 33. c4 Qd4 34. b4 Nf3+ 35. Ke2 Ne5 36. h5 Nxd3 37. f4 Nxf4+ 38.
Kf3 Nxh5 39. c5 bxc5 40. bxc5 Qxc5 41. a4 Qf5+ {White forfeits on time} 0-1

[Event "ICC Open 2015"]
[Site "Internet Chess Club"]
[Date "2015.05.30"]
[Round "7"]
[White "noyb"]
[Black "harolika"]
[Result "0-1"]
[ICCResult "White forfeits on time"]
[WhiteElo "1963"]
[BlackElo "1910"]
[Opening "Queen's pawn: Torre attack"]
[ECO "A46"]
[NIC "QP.04"]
[Time "20:04:36"]
[TimeControl "180+0"]

1. d4 Nf6 2. Nf3 e6 3. Bg5 b6 4. e3 Bb7 5. Nbd2 Be7 6. Bd3 d5 7. O-O O-O 8.
c3 c5 9. Qa4 Nbd7 10. Ne5 a6 11. f4 b5 12. Qd1 Ne4 13. Bxe7 Qxe7 14. Nxe4
dxe4 15. Be2 Rad8 16. Nxd7 Rxd7 17. Qb3 Rfd8 18. a4 Bd5 19. Qc2 c4 20. axb5
axb5 21. Ra5 Rb7 22. Rfa1 g6 23. h3 Rc8 24. Qd2 b4 25. Kh2 bxc3 26. bxc3 Rb3
27. Bd1 Rb7 28. Qc1 Rcb8 29. Qa3 Qh4 30. Ra8 Qf2 31. Rxb8+ Rxb8 32. Qd6 Rb2
33. Bc2 Rxc2 34. Qb8+ Kg7 35. Qe5+ f6 36. Qc7+ Kh6 37. Rg1 Qxe3 38. Qe7
Qxf4+ 39. Kh1 e3 40. Qf8+ Kh5 {White forfeits on time} 0-1

[Event "ICC Open 2015"]
[Site "Internet Chess Club"]
[Date "2015.05.30"]
[Round "7"]
[White "ElMarginal"]
[Black "holderlin"]
[Result "0-1"]
[ICCResult "White forfeits on time"]
[WhiteElo "1472"]
[BlackElo "1740"]
[Opening "Pirc: classical (two knights) system"]
[ECO "B08"]
[NIC "PU.10"]
[Time "20:04:06"]
[TimeControl "180+0"]

1. Nc3 Nf6 2. d4 d6 3. Nf3 g6 4. e4 Bg7 5. Be3 a6 6. Bc4 e6 7. O-O b5 8. Bb3
Bb7 9. a3 Nxe4 10. Nxe4 Bxe4 11. c4 O-O 12. cxb5 axb5 13. Nd2 Bb7 14. Rc1
Nc6 15. Nf3 Na5 16. Ba2 Nc4 17. Bxc4 bxc4 18. Rxc4 Ba6 19. Qb3 Bxc4 20. Qxc4
c5 21. Rb1 d5 22. Qxc5 Qf6 23. Qc3 Qf5 24. Qe1 Rfc8 25. Nh4 Qd3 26. Rd1 Qe4
27. Nf3 Rc2 28. Nd2 Qf5 29. Rb1 Rb8 30. b4 Ra2 31. Qc1 Qd3 32. a4 Bxd4 33.
Rb3 Rc2 34. Rxd3 Rxc1+ 35. Nf1 Bxe3 36. Rxe3 Rxb4 37. Ra3 Rbb1 38. g3 Rxf1+
39. Kg2 Ra1 40. Rxa1 Rxa1 41. h4 Rxa4 42. Kf3 h5 43. Ke2 Kg7 44. f4 Kf6 45.
Kf3 e5 46. Ke3 exf4+ 47. gxf4 d4+ 48. Kd3 Ra3+ 49. Kxd4 Rh3
{White forfeits on time}
0-1

[Event "ICC Open 2015"]
[Site "Internet Chess Club"]
[Date "2015.05.30"]
[Round "7"]
[White "PedroRomero2"]
[Black "MasterZachary"]
[Result "1-0"]
[ICCResult "Black forfeits on time"]
[WhiteElo "2346"]
[BlackElo "2194"]
[Opening "English opening"]
[ECO "A20"]
[NIC "EO.24"]
[Time "20:04:05"]
[TimeControl "180+0"]

1. c4 e5 2. g3 Nf6 3. Bg2 Bc5 4. Nc3 O-O 5. e3 Re8 6. Nge2 d6 7. O-O e4 8.
a3 Nc6 9. b4 Bb6 10. Bb2 Ne5 11. Qb3 Bg4 12. Nf4 Nf3+ 13. Kh1 Nxd2 14. Qc2
Nxf1 15. Rxf1 Bf3 16. Bxf3 exf3 17. Qd1 Ng4 18. Qxf3 Ne5 19. Qxb7 Nxc4 20.
Ba1 Nxa3 21. Qf3 Nc2 22. Bb2 Nxb4 23. Qg4 Nc6 24. Nh5 g6 25. Nd5 Ne5 26.
Nhf6+ Kf8 27. Qg5 Kg7 28. f4 h6 29. Nxe8+ Qxe8 30. Qf6+ Kg8 31. fxe5 Qb5 32.
Qxf7+ Kh8 33. Qf6+ Kh7 34. Ne7 Rg8 35. Nxg8 Qd5+ 36. Qf3 Qxf3+ 37. Rxf3 Kxg8
38. exd6 cxd6 39. e4 Bc7 40. Rd3 Kf7 41. Rd5 Ke6 42. Rb5 Bd8 43. Rb7 Be7 44.
Rxa7 Bf6 45. Ra8 Be5 46. Re8+ Kf7 47. Bxe5 {Black forfeits on time} 1-0

[Event "ICC Open 2015"]
[Site "Internet Chess Club"]
[Date "2015.05.30"]
[Round "7"]
[White "ibarra"]
[Black "Danya"]
[Result "0-1"]
[ICCResult "White resigns"]
[WhiteElo "2752"]
[BlackElo "3031"]
[Opening "Four knights: Scotch, 4...exd4"]
[ECO "C47"]
[NIC "KP.06"]
[Time "20:04:35"]
[TimeControl "180+0"]

1. e4 e5 2. Nf3 Nc6 3. Nc3 Nf6 4. d4 exd4 5. Nxd4 Bb4 6. Nxc6 bxc6 7. Bd3
O-O 8. O-O d5 9. exd5 cxd5 10. h3 c6 11. Qf3 Bd6 12. Bf4 Rb8 13. b3 Rb4 14.
Bxd6 Qxd6 15. Qg3 Qxg3 16. fxg3 Be6 17. g4 Nd7 18. Na4 c5 19. Rae1 g6 20.
Bf5 Re8 21. Re2 gxf5 22. gxf5 Re4 23. Rxe4 dxe4 24. fxe6 Rxe6 25. Nc3 Nf6
26. Rf4 Kg7 27. Kf2 Kg6 28. Ke3 h5 29. Rf1 Re5 30. Rd1 Rg5 31. Rd6 Rg3+ 32.
Kd2 Rxg2+ 33. Kc1 Kf5 34. Ra6 e3 35. Rxa7 Ne4 36. Nxe4 Rg1+ 37. Kb2 e2 38.
Ng3+ Rxg3 39. Re7 Rg2 40. a4 Kf4 41. Rxf7+ Ke3 42. Re7+ Kd2 43. Rd7+ Ke3 44.
Re7+ Kf2 45. Rf7+ Kg1 46. Re7 Kf1 47. b4 cxb4 48. Kb3 e1=Q 49. Rxe1+ Kxe1
50. a5 Kd1 51. a6 Rxc2 52. Kxb4 Ke2 53. Kb5 h4 54. a7 Ra2 55. a8=Q Rxa8
{White resigns}
0-1

[Event "ICC Open 2015"]
[Site "Internet Chess Club"]
[Date "2015.05.30"]
[Round "7"]
[White "iragefree"]
[Black "HematiteBrown"]
[Result "0-1"]
[ICCResult "White resigns"]
[WhiteElo "1864"]
[BlackElo "2225"]
[Opening "King's Indian: orthodox, 7...Nbd7"]
[ECO "E94"]
[NIC "KI.14"]
[Time "20:04:56"]
[TimeControl "180+0"]

1. d4 Nf6 2. c4 g6 3. Nc3 Bg7 4. e4 d6 5. Be2 O-O 6. Nf3 Nbd7 7. O-O e5 8.
Qc2 exd4 9. Nxd4 Re8 10. Rd1 Nc5 11. f3 c6 12. b4 Na6 13. a3 Nh5 14. Be3 Be5
15. Bf1 Qf6 16. Nde2 Be6 17. b5 Nc5 18. bxc6 bxc6 19. Bxc5 dxc5 20. Rac1
Rad8 21. Na4 Nf4 22. Nxc5 Nxe2+ 23. Qxe2 Bd4+ 24. Kh1 Bxc5 25. Rxd8 Rxd8 26.
h3 Bxa3 27. Ra1 Bc5 28. Ra6 Qd4 29. Kh2 Qg1+ 30. Kg3 Bd6+ 31. f4 g5 32. e5
gxf4+ 33. Kxf4 Qd4+ 34. Qe4 Bxe5+ 35. Kf3 Qxe4+ 36. Kxe4 Bb8 37. Rxc6 Kf8
38. c5 Ke7 39. Ra6 f5+ 40. Kf3 Rd4 41. c6 Rf4+ 42. Ke2 Bc4+ 43. Ke1 Rxf1+
44. Kd2 Bxa6 {White resigns} 0-1

[Event "ICC Open 2015"]
[Site "Internet Chess Club"]
[Date "2015.05.30"]
[Round "7"]
[White "Kastor"]
[Black "supermouse"]
[Result "1-0"]
[ICCResult "Black resigns"]
[WhiteElo "2873"]
[BlackElo "2694"]
[Opening "Caro-Kann defense"]
[ECO "B12"]
[NIC "CK.01"]
[Time "20:04:23"]
[TimeControl "180+0"]

1. e4 c6 2. d4 g6 3. c4 Bg7 4. Nc3 d6 5. Be2 a6 6. Nf3 b5 7. a3 Nd7 8. O-O
bxc4 9. Bxc4 Nb6 10. Ba2 Nf6 11. e5 dxe5 12. Nxe5 O-O 13. Nxc6 Qc7 14. Ne5
e6 15. Bf4 Nh5 16. Be3 Rd8 17. Qg4 Bb7 18. Rac1 Qe7 19. Rfd1 Rac8 20. Nd3
Nf6 21. Qh4 Nbd7 22. Bg5 Qf8 23. Ne5 h6 24. Be3 g5 25. Qg3 Nxe5 26. dxe5 Ne4
27. Nxe4 Bxe4 28. h4 Rxd1+ 29. Rxd1 gxh4 30. Qxh4 Bc2 31. Rd7 Bg6 32. Qg3
Kh8 33. Bxe6 Qe8 34. Bg4 h5 35. Bh3 Bxe5 36. Bd4 Rc1+ 37. Kh2 Bxd4 38. Rxd4
Qe7 39. Qf4 Rc7 40. Rd6 Kg7 41. Rxa6 Rc5 42. Qd4+ Kh7 43. Qd6 Qg5 44. f4 Qh4
45. Qxc5 Qxf4+ 46. Kh1 Qf1+ 47. Kh2 Qxa6 48. Qe5 Qb7 49. b4 h4 50. b5 Qa6
51. bxa6 {Black resigns} 1-0

[Event "ICC Open 2015"]
[Site "Internet Chess Club"]
[Date "2015.05.30"]
[Round "7"]
[White "blackjack721"]
[Black "Svinotigr"]
[Result "1-0"]
[ICCResult "Black forfeits on time"]
[WhiteElo "1464"]
[BlackElo "1698"]
[Opening "King's pawn opening"]
[ECO "B07"]
[NIC "VO.17"]
[Time "20:04:36"]
[TimeControl "180+0"]

1. e4 d6 2. d4 Nd7 3. Ne2 e5 4. dxe5 dxe5 5. f4 exf4 6. Bxf4 g6 7. Nbc3 c6
8. Nd4 Qe7 9. Bc4 Ne5 10. Bb3 Bg4 11. Qd2 O-O-O 12. O-O Bh6 13. h3 Bxf4 14.
Rxf4 Be6 15. Bxe6+ fxe6 16. Raf1 c5 17. Ncb5 cxd4 18. Nxa7+ Kb8 19. Qa5 Nc4
20. Nc6+ bxc6 21. Qa6 Ne3 22. Ra1 Qb7 23. Qa3 Nc4 24. Qg3 Ka7 25. Raf1 Ne7
26. Rf7 Rd7 27. b3 {Black forfeits on time} 1-0

[Event "ICC Open 2015"]
[Site "Internet Chess Club"]
[Date "2015.05.30"]
[Round "7"]
[White "rovov"]
[Black "Ira57"]
[Result "1-0"]
[ICCResult "Black forfeits on time"]
[WhiteElo "1666"]
[BlackElo "1915"]
[Opening "English opening: Agincourt variation"]
[ECO "A13"]
[NIC "QP.11"]
[Time "20:04:06"]
[TimeControl "180+0"]

1. Nf3 e6 2. c4 d5 3. b3 Nf6 4. e3 Be7 5. Bb2 b6 6. Be2 Bb7 7. O-O O-O 8. d4
Nbd7 9. Nc3 c5 10. cxd5 Nxd5 11. Nxd5 Bxd5 12. dxc5 Nxc5 13. Rc1 Bf6 14.
Bxf6 Qxf6 15. Qc2 Rad8 16. Rfd1 Bb7 17. Rxd8 Rxd8 18. Rd1 g6 19. Rxd8+ Qxd8
20. Qd1 Qc7 21. Nd4 Qe5 22. Bf3 Be4 23. Bxe4 Qxe4 24. h3 h5 25. Qc2 Qe5 26.
Nf3 Qa1+ 27. Kh2 Qf6 28. b4 Nd7 29. Qc8+ Nf8 30. Qc7 Qb2 31. Qxa7 Qxb4 32.
a3 Qd6+ 33. Kg1 b5 34. Ng5 Qd7 35. Qxd7 Nxd7 36. Ne4 Kf8 37. Nd6 Nb6 38.
Nxb5 Na4 39. Kf1 Ke7 40. Ke2 Kd7 41. Kd3 Kc6 42. Nc3 Nc5+ 43. Kc2 Kb6 44. f3
Ka5 45. Ne4 Nd7 46. Ng5 Ne5 47. f4 Nc4 48. Kd3 Nxa3 49. Nxf7 Nb5 50. Ne5 Nd6
51. Nxg6 Nf5 52. e4 Ng7 53. g4 Kb6 54. gxh5 Nxh5 55. Nf8 Nxf4+ 56. Ke3 Nxh3
57. Nxe6 {Black forfeits on time} 1-0

[Event "ICC Open 2015"]
[Site "Internet Chess Club"]
[Date "2015.05.30"]
[Round "7"]
[White "ural"]
[Black "chessrex"]
[Result "1-0"]
[ICCResult "Black checkmated"]
[WhiteElo "2366"]
[BlackElo "2136"]
[Opening "King's gambit"]
[ECO "C30"]
[NIC "KG.05"]
[Time "20:04:41"]
[TimeControl "180+0"]

1. e4 e5 2. f4 Nc6 3. Nf3 f5 4. Nc3 fxe4 5. Nxe5 Nf6 6. d3 d6 7. Nxc6 bxc6
8. dxe4 Be7 9. Bc4 Bg4 10. Qd3 Nxe4 11. Nxe4 d5 12. Nf2 dxc4 13. Qxd8+ Rxd8
14. Nxg4 O-O 15. O-O Bc5+ 16. Be3 Bxe3+ 17. Nxe3 Rd2 18. Rad1 Re2 19. Rf3
Re8 20. Nxc4 Rxc2 21. Rc3 Rce2 22. h3 h6 23. Rd7 R2e4 24. Rxc7 Rxf4 25. Rxa7
Re1+ 26. Kh2 Re2 27. b3 Rff2 28. Rg3 g5 29. h4 Kf8 30. hxg5 hxg5 31. Rxg5 c5
32. Nd6 Rxa2 33. Rxa2 Rxa2 34. Rxc5 Rb2 35. Rc3 Ke7 36. Nc4 Rb1 37. Nd2 Rb2
38. Rd3 Kf6 39. g4 Ke5 40. Kg3 Rc2 41. Nf3+ Ke4 42. Rd4+ Ke3 43. Rf4 Rc1 44.
g5 Rb1 45. b4 Ra1 46. g6 Ra6 47. g7 Rg6+ 48. Rg4 Rxg7 49. Rxg7 Ke4 50. Rd7
Kf5 51. b5 Ke6 52. Rd4 Kf5 53. b6 Kf6 54. b7 Kf5 55. b8=Q Ke6 56. Qe5+ Kf7
57. Rf4+ Kg6 58. Qg5+ Kh7 59. Rh4# {Black checkmated} 1-0

[Event "ICC Open 2015"]
[Site "Internet Chess Club"]
[Date "2015.05.30"]
[Round "7"]
[White "chesstempo2"]
[Black "MichaelBluth"]
[Result "0-1"]
[ICCResult "White forfeits on time"]
[WhiteElo "2075"]
[BlackElo "2356"]
[Opening "Nimzovich-Larsen attack: symmetrical variation"]
[ECO "A01"]
[NIC "VO.08"]
[Time "20:04:08"]
[TimeControl "180+0"]

1. b3 b6 2. Bb2 Bb7 3. d3 e6 4. Nd2 c5 5. e3 Nc6 6. Ne2 Nf6 7. g3 g6 8. Bg2
Bg7 9. h3 O-O 10. a3 Qe7 11. g4 Ne8 12. Bxg7 Nxg7 13. Ng3 Na5 14. Bxb7 Nxb7
15. h4 f5 16. gxf5 exf5 17. Qf3 f4 18. Nge4 fxe3 19. Qxe3 Nf5 20. Qg5 Qe5
21. O-O Rae8 22. Rae1 Qg7 23. Kg2 h6 24. Qg4 d5 25. Ng3 Nbd6 26. Nxf5 Nxf5
27. Nf3 Qf6 28. h5 g5 29. Rg1 Ng7 30. Rxe8 Rxe8 31. Kh1 Qf7 32. d4 Rf8 33.
Rg3 Nxh5 34. Rh3 Ng7 35. Ne5 Qxf2 36. Rg3 Qf1+ 37. Rg1 Qf4 38. Qg2 Qh4+ 39.
Qh2 Qxh2+ 40. Kxh2 cxd4 41. Rg2 Re8 42. Ng4 Kh7 43. Nf6+ Kg6 44. Nxe8 Nf5
45. Nc7 h5 46. Nxd5 g4 47. Nc7 Kg5 48. Rd2 h4 49. Ne6+ Kf6 50. Nxd4 g3+ 51.
Kg2 Ne3+ 52. Kh3 g2 53. Rxg2 a6 54. Rf2+ Ke5 55. Kxh4 Kxd4 56. Rf3 Nxc2 57.
Rf6 Kc5 58. Rxb6 Kxb6 59. b4 Nxb4 60. a4 Ka5 {White forfeits on time} 0-1

[Event "ICC Open 2015"]
[Site "Internet Chess Club"]
[Date "2015.05.30"]
[Round "7"]
[White "Cristhian-ator"]
[Black "a-rubinstein"]
[Result "1-0"]
[ICCResult "Black forfeits on time"]
[WhiteElo "2546"]
[BlackElo "2150"]
[Opening "QGD: classical variation (5.Bf4)"]
[ECO "D37"]
[NIC "QO.03"]
[Time "20:04:53"]
[TimeControl "180+0"]

1. d4 d5 2. Nf3 Nf6 3. c4 e6 4. Nc3 Be7 5. Bf4 O-O 6. e3 c5 7. dxc5 Bxc5 8.
Qc2 Nc6 9. a3 e5 10. Nxe5 Re8 11. Nxc6 bxc6 12. cxd5 cxd5 13. Bb5 Bd7 14.
Bxd7 Qxd7 15. O-O Rac8 16. Rfd1 h6 17. Qb3 Red8 18. Rd3 Qf5 19. Rad1 d4 20.
Ne2 Bb6 21. exd4 Nd5 22. Bg3 g5 23. h3 h5 24. Nc3 Nf6 25. Rf3 Qg6 26. d5 h4
27. Be5 Ne4 28. Nxe4 Qxe4 29. Bf6 Rd7 30. Bxg5 Rc2 31. Be3 Bc7 32. d6 Rxd6
33. Qxf7+ Kh8 34. Qh5+ Kg8 35. Qg5+ Rg6 36. Qf5 Qxf5 37. Rxf5 Rxb2 38. Rc5
Bb6 39. Rc3 {Black forfeits on time} 1-0

[Event "ICC Open 2015"]
[Site "Internet Chess Club"]
[Date "2015.05.30"]
[Round "7"]
[White "reydelmambo"]
[Black "burbur"]
[Result "0-1"]
[ICCResult "White resigns"]
[WhiteElo "1960"]
[BlackElo "2543"]
[Opening "Réti opening"]
[ECO "A04"]
[NIC "QP.11"]
[Time "20:04:44"]
[TimeControl "180+0"]

1. Nf3 g6 2. d4 Bg7 3. c4 d6 4. Nc3 Nd7 5. e4 c5 6. d5 Ngf6 7. Bd3 Ng4 8. h3
Nge5 9. Nxe5 Nxe5 10. Be2 O-O 11. O-O a6 12. a4 Nd7 13. Bg5 h6 14. Bf4 Kh7
15. Qd2 Nf6 16. Rfe1 Bd7 17. Bf1 Re8 18. e5 dxe5 19. Bxe5 Nh5 20. a5 Bxe5
21. Rxe5 Ng7 22. Rae1 f6 23. R5e2 e5 24. Ne4 Qe7 25. Qe3 Rac8 26. Rd2 Nf5
27. Qa3 Nd4 28. f4 f5 29. Nc3 e4 30. Ne2 Qh4 31. g3 Qf6 32. Nxd4 cxd4 33. c5
d3 34. b4 Qd4+ 35. Kg2 Qxd5 36. Kh2 Bc6 37. Bg2 Qd4 38. Qb2 Qxb2 39. Rxb2
Rcd8 40. Rd2 e3 41. Rxd3 Rxd3 42. Bxc6 {White resigns} 0-1

[Event "ICC Open 2015"]
[Site "Internet Chess Club"]
[Date "2015.05.30"]
[Round "7"]
[White "paulmagriel"]
[Black "DMDIS"]
[Result "1-0"]
[ICCResult "Black forfeits on time"]
[WhiteElo "2064"]
[BlackElo "1864"]
[Opening "QGD Slav defense"]
[ECO "D10"]
[NIC "SL.01"]
[Time "20:04:10"]
[TimeControl "180+0"]

1. d4 d5 2. c4 c6 3. Nc3 Nf6 4. Bg5 Ne4 5. Nxe4 dxe4 6. Qd2 Bf5 7. f3 h6 8.
Bh4 Nd7 9. e3 Nf6 10. Ne2 Bh7 11. Nc3 Qa5 12. Bxf6 exf6 13. fxe4 O-O-O 14.
Bd3 h5 15. O-O Bd6 16. e5 fxe5 17. Bxh7 Rxh7 18. Rxf7 exd4 19. exd4 Bc5 20.
Qf4 Bxd4+ 21. Kh1 Rhh8 22. Rf5 Qc7 23. Qf3 Bf6 24. Rf1 h4 25. Ne4 Bxb2 26.
Rf7 Qe5 27. Qb3 Rd7 28. Rxd7 Kxd7 29. Qxb7+ Kd8 30. Qa8+ Kc7 31. Qxa7+ Kd8
32. Qa8+ {Black forfeits on time} 1-0